 Dungeon Crawl Stone Soup version 0.19-a0-1553-g64c24c3 (webtiles) character file.

275 DevlanMud the Grave Robber (level 6, -1/39 HPs)
             Began as a Vine Stalker Necromancer on Sept 14, 2016.
             Slain by Grenyer's ghost (9 damage)
             ... on level 4 of the Dungeon.
             The game lasted 00:18:37 (3630 turns).

DevlanMud the Grave Robber (VSNe)                   Turns: 3630, Time: 00:18:38

Health: -1/39      AC: 10    Str: 17      XL:     6   Next: 24%
Magic:  0/11       EV: 12    Int: 14 (15) God:
Gold:   103        SH:  0    Dex: 14 (15) Spells: 3 memorised, 6 levels left

rFire  + . .     SeeInvis +     a - +0 dagger
rCold  . . .     Gourm    .     n - +3 leather armour
rNeg   . . .     Faith    .     (no shield)
rPois  .         Spirit   +     i - +0 helmet
rElec  .         Dismiss  .     (no cloak)
rCorr  .         Reflect  .     (no gloves)
MR     .....     Harm     .     w - +2 pair of boots
Stlth  .......... Rnd*Rage +    (no amulet)
                                r - ring of protection from fire
                                u - ring of see invisible

@: berserking, very quick
A: fangs 2, berserk 1, deterioration 1, frail 1, regeneration 1, magic shield,
antimagic bite, no device heal 3, rot immunity
a: no special abilities


You were on level 4 of the Dungeon.
You were not hungry.

You visited 1 branch of the dungeon, and saw 4 of its levels.

You collected 103 gold pieces.

Inventory:

Hand Weapons
 a - a +0 dagger (weapon)
Armour
 i - a +0 helmet (worn)
 n - a +3 leather armour (worn)
 w - a +2 pair of boots (worn)
Jewellery
 m - an uncursed ring of wizardry
 r - a ring of protection from fire (right hand)
 u - a ring of see invisible (left hand)
Scrolls
 f - a scroll of identify
 j - 2 scrolls of remove curse
 o - a scroll of recharging {unknown}
 q - 2 scrolls of noise
 s - 2 scrolls of enchant armour
 t - a scroll of teleportation {unknown}
 v - a scroll of enchant weapon {unknown}
Potions
 e - 4 potions of curing
 g - 2 potions of flight
 k - a potion of ambrosia
 p - a potion of brilliance
Books
 b - a book of Necromancy

   Spells                             Type                      Level
   a - Pain                           Necromancy                   1
   b - Animate Skeleton               Necromancy                   1
   c - Vampiric Draining              Necromancy                   3
   d - Regeneration                   Charms/Necromancy            3
   e - Animate Dead                   Necromancy                   4
   f - Control Undead                 Necromancy                   4
Comestibles
 c - 2 bread rations
 d - 2 fruits
 h - a chunk of flesh
 l - 2 meat rations


   Skills:
 + Level 0.3 Fighting
 * Level 2.0 Short Blades
 + Level 1.0 Armour
 + Level 2.2 Dodging
 + Level 4.2 Stealth
 - Level 3.0 Spellcasting
 * Level 1.2 Charms
 + Level 4.8 Necromancy


You had 6 spell levels left.
You knew the following spells:

 Your Spells              Type           Power        Failure   Level  Hunger
a - Pain                  Necr           ###.         3%          1    #......
b - Animate Skeleton      Necr           N/A          3%          1    #......
c - Regeneration          Chrm/Necr      ##........   24%         3    ###....


Dungeon Overview and Level Annotations

Branches:
Dungeon (4/15)
 Temple: D:4-7

Altars:
Cheibriados
Nemelex Xobeh
Yredelemnul
The Shining One

Annotations:
D:4 Grenyer's ghost, novice TrMo


Innate Abilities, Weirdness & Mutations

You have extremely sharp teeth.
Your natural rate of healing is unusually fast.
When hurt, damage is shared between your health and your magic reserves.
Your bite disrupts and absorbs the magic of your enemies.
Potions and wands cannot restore your health.
You are immune to rotting.
You tend to lose your temper in combat.
Your body sometimes deteriorates upon taking damage.
You are frail. (-10% HP)


Message History

Grenyer's ghost hits you.
You closely miss Grenyer's ghost. Your bite misses Grenyer's ghost.
Grenyer's ghost is severely damaged.
Grenyer's ghost completely misses you.
You barely miss Grenyer's ghost.
Grenyer's ghost is severely damaged.
You hit Grenyer's ghost but do no damage.
You bite Grenyer's ghost. You drain its power.
Grenyer's ghost is severely damaged.
Your skin stops crawling.
Grenyer's ghost hits you!
* * * LOW HITPOINT WARNING * * *
Your body deteriorates!
You feel dopey.
You miss Grenyer's ghost. You bite Grenyer's ghost! You drain its power.
You feel invigorated.
Grenyer's ghost is almost destroyed.
You puncture Grenyer's ghost!
Grenyer's ghost is almost destroyed.
Grenyer's ghost hits you!!
You die...

........................#..###
.........W..............#....#
[...........................##
................#..........##
.............#####.........#
#..........### ###......##
##........## #.....##
#....#....####### #.....#
#...###......W@.###....## .##
#...........#....#
#................#
##...............#
#...............#
##..............##
#....≈≈≈........###
##..≈≈≈≈≈.........###
##..≈≈.≈≈.......##..#


You could see Grenyer's ghost.

Vanquished Creatures
  The ghost of Dynast the Shooter, an amateur DgHu (D:3)
  Natasha (thrice) (D:2)
  4 adders
  6 worms
  4 dart slugs
  A giant gecko (D:1)
  5 giant cockroaches
  4 goblins (D:2)
  5 hobgoblins
  3 quokkas
  2 ball pythons (D:2)
  7 bats
  2 frilled lizards
  11 kobolds
  5 rats
63 creatures vanquished.

Notes
Turn   | Place    | Note
-------+----------+-------------------------------------------
     0 | D:1      | DevlanMud the Vine Stalker Necromancer began the quest for the Orb.
     0 | D:1      | Reached XP level 1. HP: 9/9 MP: 4/4
   309 | D:1      | Reached XP level 2. HP: 6/13 MP: 1/6
  1266 | D:1      | Learned a level 1 spell: Animate Skeleton
  1445 | D:2      | Reached XP level 3. HP: 16/16 MP: 7/7
  1463 | D:2      | Noticed Natasha
  1474 | D:2      | Killed Natasha
  1573 | D:2      | Noticed Natasha
  1760 | D:2      | Killed Natasha
  1760 | D:2      | Gained mutation: Your natural rate of healing is unusually fast. [Vine Stalker growth]
  1760 | D:2      | Reached XP level 4. HP: 11/21 MP: 2/9
  1921 | D:2      | Reached skill level 1 in Short Blades
  2102 | D:2      | Reached XP level 5. HP: 24/24 MP: 10/10
  2130 | D:2      | Noticed Natasha
  2131 | D:2      | Found a basalt altar of Yredelemnul.
  2143 | D:2      | Killed Natasha
  2443 | D:2      | Learned a level 3 spell: Regeneration
  2509 | D:2      | Found a glowing golden altar of the Shining One.
  2751 | D:2      | Found a sparkling altar of Nemelex Xobeh.
  3033 | D:3      | Noticed Dynast's ghost (amateur DgHu)
  3080 | D:3      | Gained mutation: Your body sometimes deteriorates upon taking damage. [potion of mutation]
  3080 | D:3      | Gained mutation: You tend to lose your temper in combat. [potion of mutation]
  3080 | D:3      | Gained mutation: You are frail. (-10% HP) [potion of mutation]
  3121 | D:3      | Killed Dynast's ghost
  3121 | D:3      | Reached skill level 1 in Armour
  3121 | D:3      | Reached skill level 1 in Charms
  3121 | D:3      | Reached XP level 6. HP: 6/26 MP: 11/11
  3540 | D:4      | Found a snail-covered altar of Cheibriados.
  3601 | D:4      | Noticed Grenyer's ghost (novice TrMo)
  3630 | D:4      | Slain by Grenyer's ghost

Vault maps used:
D:1:      dpeg_arrival_orchard, hangedman_decor_points
D:2:      kennysheep_six_static_rooms, lemuel_round_altar,
          nicolae_tso_carved_into_rock, old_standard_altar, uniq_natasha
D:3:      first_bread, minmay_misc_feat_hallway
D:4:      grunt_qazlal_clouds, kennysheep_slug_shrine,
          gammafunk_temple_overflow_pools

Skill      XL: |  1  2  3  4  5 |
---------------+----------------+-----
Stealth        | 3 4 |  4.2
Dodging        | 2 |  2.2
Short Blades   | 1 2 |  2.0
Spellcasting   | 3 |  3.0
Armour         | 1 |  1.0
Charms         | 1 |  1.2
Fighting       | |  0.3
Necromancy     | |  4.8

Action                   |  1- 3 |  4- 6 || total
-------------------------+-------+-------++-------
Melee: Unarmed           |    39 |       ||    39
       Bite              |    23 |    49 ||    72
       Dagger            |    51 |   211 ||   262
 Cast: Pain              |    25 |    25 ||    50
       Regeneration      |       |     1 ||     1
  Use: Scroll            |     3 |     2 ||     5
       Potion            |       |     8 ||     8
 Stab: Sleeping          |     3 |    10 ||    13
  Eat: Chunk             |     3 |     7 ||    10
Armor: Robe              |     9 |       ||     9
       Leather armour    |    22 |    46 ||    68
Dodge: Dodged            |    75 |    87 ||   162
